AoeStats
← EeeZee3

Scandinavia

510588846Analyzed
1v1 RM · 2d ago on Oct 1, 2026· 28m 42s· 2 players
Game mode
Random Map
Map size
Tiny (2 player)
Population
200
Speed
Normal
Resources
Standard
Victory
Conquest
Starting age
Dark Age
Ending age
Imperial Age
RankedLock teamsTeams togetherTeam positionsShared explorationLock speedFull tech treeHidden civsTurbo modeCheats
Victory
Defeat
🇨🇭 Varangians · Switzerland
628
+18
🇷🇺 Goths · Russia
667
-18
EeeZee3
0:25 Loom
13:44 Feudal Age
15:20 Double-Bit Axe
15:23 Horse Collar
18:23 Wheelbarrow
17:47 Gold Mining
18:36 Fletching
20:50 Castle Age
18:45 Town Watch
19:28 Fishing Lines
19:54 Scale Mail Armor
20:05 Forging
19:49 Arson
22:31 Gambesons
22:47 Squires
23:26 Iron Casting
23:07 Chain Mail Armor
m1xDew
10:54 Feudal Age
11:49 Loom
13:09 Wheelbarrow
12:22 Double-Bit Axe
15:52 Forging
17:24 Man-at-Arms
22:40 Scale Mail Armor
24:54 Castle Age
25:50 Long Swordsman
26:32 Squires
27:34 Iron Casting
27:04 Scale Barding Armor
27:17 Chain Mail Armor
Connection lost

Rejoining the realm…

Still unreachable

The connection could not be restored.

Session expired

The server has moved on; the page needs a fresh start.